 Seeded DCSS version 0.23.2 (webtiles) character file.

Game seed: 56059758935

93 Abrek the Conjurer (level 4, 0/36 HPs)
             Began as a Draconian Conjurer on July 9, 2019.
             Slain by a hound (6 damage)
             ... on level 3 of the Dungeon.
             The game lasted 00:13:30 (2387 turns).

Abrek the Conjurer (Draconian Conjurer)             Turns: 2387, Time: 00:13:31

Health: 0/36       AC:  5    Str: 10    XL:     4   Next: 36%
Magic:  0/17       EV: 12    Int: 16    God:
Gold:   127        SH:  0    Dex: 12    Spells: 3/8 levels left

rFire    . . .     SeeInvis .   o - +0 falchion
rCold    . . .     Gourm    .   (no shield)
rNeg     . . .     Faith    .   (armour unavailable)
rPois    .         Spirit   .   (helmet restricted)
rElec    .         Reflect  .   (no cloak)
rCorr    .         Harm     .   (no gloves)
MR       .....                  (no boots)
Stlth    ++........             (no amulet)
HPRegen  0.12/turn              h - ring of magical power
MPRegen  0.15/turn              (no ring)

@: very slightly contaminated
A: unfitting armour, cold-blooded, AC +5
a: no special abilities


You were on level 3 of the Dungeon.
You were hungry.

You visited 1 branch of the dungeon, and saw 4 of its levels.

You collected 127 gold pieces.

Inventory:

Hand Weapons
 d - a +0 dagger
 o - a +0 falchion (weapon)
Jewellery
 h - a ring of magical power (left hand)
Scrolls
 a - a scroll of remove curse
 c - 2 scrolls of blinking {unknown}
 f - 2 scrolls of magic mapping {unknown}
 g - 2 scrolls of enchant weapon {unknown}
 j - a scroll of fog {unknown}
 l - a scroll of enchant armour {unknown}
 n - 2 scrolls of teleportation {unknown}
 q - 2 scrolls of identify {unknown}
Potions
 e - 3 potions of haste {unknown}
 i - 2 potions of lignification {unknown}
 k - a potion of curing {unknown}
 m - a potion of degeneration {unknown}
Comestibles
 b - 3 rations
 p - 6 chunks of flesh


   Skills:
 + Level 1.9 Fighting
 - Level 1.7 Dodging
 - Level 1.7 Stealth
 + Level 2.7 Spellcasting
 * Level 5.0 Conjurations


You had 3 spell levels left.
You knew the following spells:

 Your Spells              Type           Power        Failure   Level  Hunger
a - Magic Dart            Conj           ###.         2%          1    #......
h - Iskenderun's Mystic   Conj           ###.....     24%         4    #####..

Your spell library contained the following spells:

 Spells                   Type           Power        Failure   Level  Hunger
 Searing Ray              Conj           ###...       3%          2    ##.....
 Dazzling Spray           Conj/Hex       ##....       21%         3    ###....
 Force Lance              Conj/Tloc      ##......     56%         4    #####..
 Fulminant Prism          Conj/Hex       ##........   56%         4    #####..


Dungeon Overview and Level Annotations

Branches:
Dungeon (4/15)
 Temple: D:4-7

Altars:
Dithmenos
Nemelex Xobeh
Trog


Innate Abilities, Weirdness & Mutations

Your plain brown scales are hard. (AC +5)
You cannot fit into any form of body armour.
You are cold-blooded and may be slowed by cold attacks.


Message History

Confirm with . or Enter, or press ? or * to list all spells.
Aiming: Iskenderun's Mystic Blast (slightly dangerous; 24% risk of failure)
Press: ? - help, Shift-Dir - straight line, f/p - hound
Aim: a hound (moderately wounded)
You miscast Iskenderun's Mystic Blast.
Energy rips through your body!
* * * LOW HITPOINT WARNING * * *
You are feeling hungry.
The hound misses you.
You riposte.
You hit the hound.
The hound is heavily wounded.
Casting: Iskenderun's Mystic Blast (slightly dangerous; 24% risk of failure)
Confirm with . or Enter, or press ? or * to list all spells.
Aiming: Magic Dart (safe; 2% risk of failure)
Press: ? - help, Shift-Dir - straight line, f/p - hound
Aim: a hound (heavily wounded)
The magic dart hits the hound.
The hound is almost dead.
The hound bites you.
* * * LOW HITPOINT WARNING * * *
The hound bites you.
You die...

######
##....
#####
##@##
#8..h8#
#.....#
#8.....8#
##.....##
#8...8#
#.....#
_....._


You could see a hound.

Vanquished Creatures
  3 adders (D:2)
  2 oozes
  2 worms (D:2)
  4 dart slugs
  A leopard gecko (D:2)
  6 hobgoblins
  2 quokkas (D:2)
  4 bats
  2 frilled lizards (D:2)
  10 goblins
  5 kobolds
  6 rats
47 creatures vanquished.

Notes
Turn   | Place    | Note
-------+----------+-------------------------------------------
     0 | D:1      | Abrek the Draconian Conjurer began the quest for the Orb.
     0 | D:1      | Reached XP level 1. HP: 14/14 MP: 3/3
   576 | D:1      | Reached XP level 2. HP: 22/22 MP: 1/5
   792 | D:1      | Reached skill level 1 in Fighting
  1243 | D:2      | Reached XP level 3. HP: 28/28 MP: 6/6
  1817 | D:2      | Found a bloodstained altar of Trog.
  1956 | D:2      | Reached XP level 4. HP: 30/36 MP: 7/7
  1962 | D:2      | Learned a level 4 spell: Iskenderun's Mystic Blast
  2082 | D:2      | Reached skill level 5 in Conjurations
  2278 | D:2      | You fall through a shaft for 2 floors!
  2318 | D:4      | Noticed an ogre
  2363 | D:4      | Noticed a bullfrog
  2382 | D:3      | Found a shadowy altar of Dithmenos.
  2382 | D:3      | Found a sparkling altar of Nemelex Xobeh.
  2387 | D:3      | Slain by a hound

Skill      XL: |  1  2  3  4 |
---------------+-------------+-----
Fighting       | 1 |  1.9
Conjurations   | 5 |  5.0
Dodging        | |  1.7
Stealth        | |  1.7
Spellcasting   | |  2.7

Action                   |  1- 3 |  4- 6 || total
-------------------------+-------+-------++-------
Melee: Unarmed           |    19 |       ||    19
       Falchion          |     1 |     3 ||     4
 Cast: Magic Dart        |    91 |    21 ||   112
       Iskenderun's Myst |       |     2 ||     2
  Use: Scroll            |     1 |       ||     1
  Eat: Chunk             |     4 |     2 ||     6
Armor: Skin              |     5 |    12 ||    17
Dodge: Dodged            |    23 |    22 ||    45
       Rpst.: Falchion   |     1 |     6 ||     7
